 Dungeon Crawl Stone Soup version 0.30.0 (webtiles) character file.

Game seed: 6436874449726946701

61040 arianagrande the Fighter (level 15, 0/119 HPs)
             Began as an Octopode Fighter on Sept 23, 2023.
             Was an Elder of Ashenzari.
             Slain by an orc warrior
             ... wielding a +0 short sword
              (13 damage)
             ... while paralysed by an orc sorcerer
             ... on level 1 of the Orcish Mines.
             The game lasted 01:11:31 (23280 turns).

arianagrande the Fighter (Octopode Fighter)        Turns: 23280, Time: 01:11:32

Health: 0/119      AC:  2    Str: 16    XL:     15   Next: 1%
Magic:  29/29      EV:  2    Int: 17    God:    Ashenzari [****..]
Gold:   1419       SH:  0    Dex: 18    Spells: 29/34 levels left

rFire   . . .        a - +2 long sword (spect)
rCold   + . .        C - +2 kite shield of the Profound Stars {Cun, Evo} (curse)
rNeg    + . .        m - +1 hat of Ouranomancy {Self, Fort} (curse)
rPois   .            I - amulet of Vitality {RegenMP++ Regen++, Range, Melee} (curse)
rElec   .            r - ring of the Wild Blue Yonder {rC+, Bglg, Self} (curse)
rCorr   +            e - ring "At What Cost Knowledge?" {SInv, Evo, Fort} (curse)
SInv    +            h - ring "Clairvoyant Affliction" {rN+, Alch, Range} (curse)
Will    +....        E - ring "Mantic Yoke" {rCorr, Melee, Alch} (curse)
Stlth   +++          J - ring "Gnostic Optimism" {Int+6, Fort, Range} (curse)
HPRegen 1.99/turn    (no ring)
MPRegen 1.01/turn    (no ring)
                     (no ring)

%: clarity
@: paralysed
A: almost no armour, amphibious, 8 rings, camouflage 1, gelatinous body 1,
(nimble swimmer 1), tentacles
a: Renounce Religion, Curse Item, Shatter the Chains


You were on level 1 of the Orcish Mines.
You worshipped Ashenzari.
Ashenzari was greatly pleased with you.
You visited 3 branches of the dungeon, and saw 21 of its levels.

You collected 1419 gold pieces.

Inventory:

Hand Weapons
 a - a +2 spectral long sword (weapon)
 w - a +2 long sword
Missiles
 k - 17 poisoned darts (quivered)
Armour
 m - the cursed +1 hat of Ouranomancy (worn) {Self, Fort}
   (You found it on level 3 of the Dungeon)

   It has a curse which improves the following skills: Introspection: Fighting
   and Spellcasting.
   Fortitude: Shields.
 C - the cursed +2 kite shield of the Profound Stars (worn) {Cun, Evo}
   (You found it on level 8 of the Dungeon)

   It has a curse which improves the following skills: Cunning: Dodging and
   Stealth.
   Evocations: Evocations.
Jewellery
 e - the cursed ring "At What Cost Knowledge?" (right tentacle) {SInv, Evo, Fort}
   (You found it on level 4 of the Dungeon)

   [ring of see invisible]

   SInv:      It lets you see invisible.
   It has a curse which improves the following skills: Evocations: Evocations.
   Fortitude: Shields.
 h - the cursed ring "Clairvoyant Affliction" (on tentacle) {rN+, Alch, Range}
   (You found it on level 5 of the Dungeon)

   [ring of positive energy]

   rN:        It protects you from negative energy.
   It has a curse which improves the following skills: Alchemy: Poison Magic and
   Transmutations.
   Ranged Combat: Ranged Weapons and Throwing.
 r - the cursed ring of the Wild Blue Yonder (left tentacle) {rC+, Bglg, Self}
   (You found it on level 3 of the Dungeon)

   [ring of protection from cold]

   rC:        It protects you from cold.
   It has a curse which improves the following skills: Beguiling: Conjurations,
   Hexes and Translocations.
   Introspection: Fighting and Spellcasting.
 z - a ring of fire
 B - an amulet of guardian spirit
 E - the cursed ring "Mantic Yoke" (on tentacle) {rCorr, Melee, Alch}
   (You found it on level 9 of the Dungeon)

   [ring of resist corrosion]

   rCorr:     It protects you from acid and corrosion.
   It has a curse which improves the following skills: Melee Combat: Short
   Blades, Long Blades, Axes, Maces & Flails, Polearms, Staves and Unarmed
   Combat.
   Alchemy:   Poison Magic and Transmutations.
 I - the cursed amulet of Vitality (around mantle) {RegenMP++ Regen++, Range, Melee}
   (You found it on level 8 of the Dungeon)

   [amulet of magic regeneration]

   It increases your rate of magic regeneration.
   Regen:     It increases your rate of health regeneration.
   It has a curse which improves the following skills: Ranged Combat: Ranged
   Weapons and Throwing.
   Melee Combat: Short Blades, Long Blades, Axes, Maces & Flails, Polearms,
   Staves and Unarmed Combat.
 J - the cursed ring "Gnostic Optimism" (on tentacle) {Int+6, Fort, Range}
   (You found it on level 13 of the Dungeon)

   [ring of intelligence]

   Int:       It affects your intelligence (+6).
   It has a curse which improves the following skills: Fortitude: Shields.
   Ranged Combat: Ranged Weapons and Throwing.
 L - an amulet of magic regeneration
Wands
 o - a wand of digging (2)
 x - a wand of iceblast (14)
 D - a wand of paralysis (16)
 F - a wand of quicksilver (12)
Scrolls
 b - 2 scrolls of brand weapon
 j - 8 scrolls of poison
 s - a scroll of immolation
 u - 12 scrolls of identify
 y - 2 scrolls of amnesia
 A - a scroll of magic mapping
 G - 2 scrolls of fog
 H - 4 scrolls of enchant armour
 K - a scroll of teleportation
 M - a scroll of silence
Potions
 c - 2 potions of might
 d - 10 potions of ambrosia
 f - a potion of resistance
 g - 5 potions of brilliance
 l - 6 potions of curing
 n - a potion of heal wounds
 p - 3 potions of haste
 q - a potion of cancellation
 t - 2 potions of flight
 v - 3 potions of invisibility
Miscellaneous
 i - a phial of floods


   Skills:
 + Level 14.2(16.8) Fighting
 - Level 12.0(14.7) Long Blades
 - Level 3.6(6.8) Throwing
 - Level 10.2(12.0) Dodging
 - Level 11.4(15.0) Shields
 - Level 7.2(10.0) Spellcasting
 - Level 3.3(5.0) Conjurations
 - Level 2.0(3.4) Hexes
 - Level 3.3(5.0) Translocations
 - Level 7.2(10.0) Evocations


You had 29 spell levels left.
You knew the following spells:

 Your Spells              Type           Power      Damage    Failure   Level
a - Momentum Strike       Conj/Tloc      50%        3d9       2%          2
b - Teleport Other        Tloc           25%        N/A       5%          3

Your spell library contained the following spells:

 Spells                   Type           Power      Damage    Failure   Level
 Magic Dart               Conj           100%       1d8       1%          1
 Blink                    Tloc           50%        N/A       2%          2
 Lesser Beckoning         Tloc           50%        N/A       2%          2
 Shock                    Conj/Air       68%        1d7       4%          1
 Gell's Gravitas          Tloc           25%        N/A       5%          3
 Passage of Golubria      Tloc           25%        N/A       19%         4
 Mephitic Cloud           Conj/Pois/Air  14%        N/A       21%         3
 Call Imp                 Summ           16%        N/A       22%         2
 Cause Fear               Hex            10%        N/A       34%         4
 Swiftness                Air            8%         N/A       38%         3
 Airstrike                Air            4%         2d(1-17)  80%         4
 Silence                  Hex/Air        7%         N/A       89%         5
 Dispersal                Tloc           12%        N/A       95%         6
 Dragon Form              Tmut           4%         N/A       100%        7
 Lehudib's Crystal Spear  Conj/Erth      8%         10d4      100%        8
 Dragon's Call            Summ           4%         N/A       100%        9


Dungeon Overview and Level Annotations

Branches:
Dungeon (15/15)            Temple (0/1) D:4            Lair (5/5) D:8
  Swamp (0/4) Lair:3       Spider (0/4) Lair:3          Orc (1/2) D:10
 Depths (0/4) D:15
  Slime: Lair:4-5    Vaults: D:13-14

Altars:
Ashenzari
Cheibriados
Elyvilon
Kikubaaqudgha
Okawaru
Uskayaw
Vehumet

Portals:
Gauntlet: D:14

Annotations:
D:12 Azrael
D:15 Jorgrun
Lair:4 3 runed translucent doors


Innate Abilities, Weirdness & Mutations

You cannot wear most types of armour.
You are amphibious.
You can wear up to eight rings at the same time.
Your skin changes colour to match your surroundings (Stealth+).
Your rubbery body absorbs attacks. (AC +1, EV +1)
((You are camouflaged when in or above water. (Stealth+)))
You have tentacles for arms and can constrict up to eight enemies at once.


Message History

You kill the ogre!
You start resting.
There is an open door here.
There is a staircase to the Orcish Mines here.
You climb downwards.
Welcome back to the Orcish Mines!
A troll comes into view.
The orc warrior unwields a +0 glaive.
The orc warrior wields a +0 heavy arbalest.
The orc warrior shoots a bolt.
The bolt misses you.
There is a staircase back to the Dungeon, spattered with blood here.
Unknown command.
The orc shouts!
The troll shouts!
You hear a shout!
The orc warrior shoots a bolt.
You block the bolt.
An orc sorcerer comes into view.
It is wielding a +0 dagger and wearing a +1 robe of the Archmagi.
You see here 25 gold pieces.
You now have 1419 gold pieces (gained 25).
The orc sorcerer shouts!
An orc warrior comes into view. It is wielding a +0 short sword.
The orc warrior shoots a bolt.
You block the bolt.
There is a staircase back to the Dungeon, spattered with blood here.
The orc warrior shoots a bolt.
The bolt closely misses you.
The orc warrior shoots a bolt.
You block the bolt.
The orc sorcerer gestures at you while chanting.
You suddenly lose the ability to move!
You stop ascending the stairs.
The troll bites you! The troll claws you. The troll claws you!
The orc warrior shoots a bolt.
The bolt hits you!! The troll bites you! The troll claws you. x2
* * * LOW HITPOINT WARNING * * *
The orc shouts!
The orc sorcerer gestures wildly while chanting.
The orc completely misses you. The troll bites you!
* * * LOW HITPOINT WARNING * * *
The troll claws you.
* * * LOW HITPOINT WARNING * * *
The troll claws you.
* * * LOW HITPOINT WARNING * * *
The orc warrior shoots a bolt.
The bolt hits you!
* * * LOW HITPOINT WARNING * * *
The orc warrior hits you with a +0 short sword!
You die...

* ,
##.......,..,,,
#.o.....#... , *
##.......#... *
#...#........**
#........#...**
*#.#............,
..$§§..........
*...§.§.@o..# , *
§§§.§o#To..#* ,,
*,,*.§§§§.......#
, , ,
.§§3.#......o# ,
* * ,
.§§8*§......... ,
* ... §§.........
, * **..
..§§........, , .
...§§...###.. *
.........# ##, *


You could see a troll, a sixfirhy (summoned), an orc sorcerer, 2 orc warriors
and 2 orcs.

Vanquished Creatures
  4 hydras
  2 centaur warriors (D:13)
  3 catoblepae
  Erica (D:8)
  12 death yaks
  3 two-headed ogres
  Amaemon (D:8)
  3 skysharks
  A deep elf zephyrmancer (D:13)
  A wizard (D:14)
  2 ugly things (D:13)
  A cyclops (D:8)
  9 elephants (Lair:4)
  2 manticores
  2 torpor snails
  7 black mambas
  An orange demon (D:8)
  9 cane toads
  5 rime drakes
  An unseen horror (D:10)
  2 kobold demonologists
  12 komodo dragons
  A yaktaur (D:15)
  5 trolls
  A polar bear (Lair:5)
  A queen bee (Lair:1)
  2 hornets
  10 blink frogs
  Prince Ribbit (D:7)
  3 dream sheep (Lair:3)
  Sigmund (D:4)
  A centaur simulacrum (D:14)
  2 shadows
  A spriggan (Lair:5)
  A wraith (D:10)
  A fire elemental (D:13)
  6 wyverns
  5 basilisks
  58 yaks
  6 vampire mosquitoes
  2 steam dragons
  2 acid dragons (D:11)
  2 hell hounds
  24 water moccasins
  3 sky beasts
  2 orc warriors
  2 ogres
  4 ice beasts
  5 black bears
  A boggart (Lair:5)
  19 wolves
  12 centaurs
  3 phantoms
  A kobold brigand (D:10)
  7 bullfrogs
  4 scorpions (D:5)
  7 wights
  32 killer bees
  5 howler monkeys
  2 electric eels
  4 jellies
  5 orc priests
  5 hounds
  A sleepcap (D:5)
  3 iguanas
  2 gnoll boudas
  Crazy Yiuf (D:4)
  8 orc wizards
  7 hell rats
  Robin (D:4)
  14 gnolls
  5 adders
  A shadow imp (D:7)
  3 worms
  A dart slug (D:5)
  41 orcs
  3 ball pythons
  3 bats
  6 endoplasms
  3 giant cockroaches
  18 goblins
  5 hobgoblins
  4 jackals (D:1)
  13 kobolds
  2 quokkas (D:4)
  4 frilled lizards
  2 rats
494 creatures vanquished.

Vanquished Creatures (others)
  A quokka (D:8)
  A bush (Lair:5)
  34 fungi
  57 plants
  12 spectral weapons
105 creatures vanquished.

Grand Total: 599 creatures vanquished

Notes
Turn   | Place    | Note
-------+----------+-------------------------------------------
     0 | D:1      | arianagrande the Octopode Fighter began the quest for the
                  | Orb.
     0 | D:1      | Reached XP level 1. HP: 16/16 MP: 1/1
   401 | D:1      | Found a faded altar of an unknown god.
   422 | D:1      | Reached XP level 2. HP: 21/21 MP: 2/2
   984 | D:1      | Reached XP level 3. HP: 24/26 MP: 3/3
  1455 | D:2      | Found a radiant altar of Vehumet.
  1659 | D:2      | Reached XP level 4. HP: 31/31 MP: 4/4
  1982 | D:3      | Found a broken altar of Ashenzari.
  2002 | D:3      | Became a worshipper of Ashenzari the Shackled
  2225 | D:3      | Noticed an ogre
  2810 | D:4      | Found a staircase to the Ecumenical Temple.
  2816 | D:4      | Noticed an ogre
  2926 | D:4      | Reached XP level 5. HP: 27/36 MP: 5/5
  3127 | D:4      | Noticed Sigmund
  3192 | D:4      | Reached skill level 5 in Long Blades
  3215 | D:4      | Noticed a black bear
  3222 | D:4      | Killed a black bear
  3223 | D:4      | Reached skill level 1 in Throwing
  3223 | D:4      | Reached XP level 6. HP: 32/42 MP: 6/6
  3283 | D:4      | Found a runed translucent door.
  3284 | D:4      | Noticed Crazy Yiuf
  3315 | D:5      | Entered Level 5 of the Dungeon
  3316 | D:5      | Reached * piety under Ashenzari
  3662 | D:5      | Noticed an ice beast
  3667 | D:5      | Killed an ice beast
  3683 | D:5      | Reached XP level 7. HP: 40/48 MP: 7/7
  3842 | D:5      | Learned a level 2 spell: Momentum Strike
  4293 | D:6      | Reached XP level 8. HP: 48/54 MP: 8/8
  5107 | D:7      | Noticed a hornet
  5118 | D:7      | Killed a hornet
  5119 | D:7      | Reached skill level 10 in Long Blades
  5305 | D:7      | Reached ** piety under Ashenzari
  5423 | D:7      | Reached XP level 9. HP: 50/59 MP: 9/9
  5866 | D:6      | Reached skill level 5 in Dodging
  6878 | D:5      | Found a snail-covered altar of Cheibriados.
  7134 | D:4      | Killed Sigmund
  7205 | D:4      | Noticed Robin
  7213 | D:4      | Killed Robin
  7516 | D:4      | Killed Crazy Yiuf
  7517 | D:4      | Reached XP level 10. HP: 65/65 MP: 10/10
  7678 | D:7      | Noticed Prince Ribbit
  7686 | D:7      | Killed Prince Ribbit
  7751 | D:7      | Reached *** piety under Ashenzari
  8005 | D:8      | Noticed a two-headed ogre
  8231 | D:8      | Noticed Erica
  8347 | D:8      | Found a staircase to the Lair.
  8394 | D:8      | Noticed an orange demon
  8490 | D:9      | Found an iron altar of Okawaru.
  8604 | D:9      | Reached skill level 4 in Fighting
  9056 | D:9      | Reached skill level 5 in Shields
  9301 | D:9      | Noticed a two-headed ogre
  9481 | D:10     | Entered Level 10 of the Dungeon
  9490 | D:9      | Killed a two-headed ogre
  9491 | D:9      | Reached skill level 5 in Fighting
  9790 | D:10     | Reached XP level 11. HP: 72/75 MP: 11/11
 10138 | D:10     | Reached skill level 1 in Hexes
 10398 | D:10     | Reached skill level 6 in Fighting
 10610 | D:10     | Reached **** piety under Ashenzari
 10749 | D:10     | Found an ancient bone altar of Kikubaaqudgha.
 10840 | D:10     | Found a staircase to the Orcish Mines.
 11675 | D:11     | Reached skill level 10 in Dodging
 11749 | D:11     | Reached skill level 7 in Fighting
 12292 | D:11     | Noticed a manticore
 12307 | D:11     | Killed a manticore
 12308 | D:11     | Reached skill level 1 in Spellcasting
 12503 | D:12     | Noticed Azrael
 12620 | Orc:1    | Entered Level 1 of the Orcish Mines
 12620 | Orc:1    | Noticed a two-headed ogre
 12922 | Lair:1   | Entered Level 1 of the Lair of Beasts
 13090 | Lair:1   | Reached XP level 12. HP: 77/87 MP: 14/19
 13745 | Lair:1   | Noticed a catoblepas
 14237 | Lair:2   | Reached skill level 1 in Conjurations
 14237 | Lair:2   | Reached skill level 1 in Translocations
 14366 | Lair:2   | Noticed a catoblepas
 14398 | Lair:2   | Killed a catoblepas
 14639 | Lair:2   | Reached skill level 5 in Spellcasting
 14763 | Lair:2   | Reached skill level 8 in Fighting
 14823 | Lair:2   | Reached skill level 1 in Evocations
 14938 | Lair:2   | Noticed a four-headed hydra
 15133 | Lair:3   | Noticed a skyshark
 15144 | Lair:2   | Killed a skyshark
 15442 | Lair:3   | Reached skill level 5 in Evocations
 15599 | Lair:3   | Found a hole to the Spider Nest.
 15746 | D:8      | Found the amulet of Vitality {RegenMP++ Regen++}
 15821 | D:8      | Noticed Amaemon
 15845 | D:8      | Killed Amaemon
 15846 | D:8      | Reached XP level 13. HP: 42/95 MP: 15/25
 16050 | D:8      | Killed Erica
 16130 | D:8      | Found a white marble altar of Elyvilon.
 16709 | D:13     | Reached skill level 9 in Fighting
 16731 | D:13     | Learned a level 3 spell: Teleport Other
 16743 | D:13     | Reached skill level 10 in Shields
 17281 | D:12     | You fall into a shaft and drop 3 floors!
 17281 | D:15     | Entered Level 15 of the Dungeon
 17289 | D:15     | Noticed Jorgrun
 17476 | D:14     | Noticed a vault guard
 17477 | D:14     | Noticed a vault guard
 17547 | D:14     | Found a gate leading to a gauntlet.
 18035 | Lair:1   | Reached skill level 10 in Fighting
 19034 | Lair:3   | Found a staircase to the Swamp.
 19833 | Lair:2   | Reached skill level 11 in Fighting
 20072 | Lair:3   | Reached XP level 14. HP: 61/108 MP: 26/26
 20392 | Lair:4   | Reached skill level 12 in Fighting
 21593 | Lair:4   | Found a runed translucent gate.
 21594 | Lair:4   | Found a runed translucent gate.
 21597 | Lair:4   | Found a runed translucent gate.
 21600 | Lair:4   | Found a hide-covered altar of Uskayaw.
 21888 | Lair:5   | Entered Level 5 of the Lair of Beasts
 22313 | Lair:5   | Reached skill level 13 in Fighting
 22829 | Lair:5   | HP: 1/113 [death yak (29)]
 23011 | Lair:5   | Reached skill level 14 in Fighting
 23227 | D:10     | Reached XP level 15. HP: 113/119 MP: 29/29
 23277 | Orc:1    | Paralysed by an orc sorcerer for 5 turns
 23280 | Orc:1    | Slain by an orc warrior

Illustrated notes

Levels and vault maps discovered:
D:1:      nzn_arrival_settlement, layout_loops_ring,
          ebering_ecumenical_altar_abandoned, minmay_tromino_i2
D:2:      layout_basic, basic_altar
D:3:      layout_basic, evilmike_ruin_ashenzari, minmay_misc_feat_plants,
          st_stairs_4, minmay_ogre_servants
D:4:      wander_river, layout_loops_ring, minmay_temple_entry_grid,
          nrook_uturn, uniq_robin, uniq_sigmund, uniq_crazy_yiuf_cottage
D:5:      layout_basic, kennysheep_slug_shrine, dk_vineyard_3,
          minmay_misc_feat_chi, minivault_14
D:6:      layout_basic
D:7:      layout_loops_ring, minmay_circle_x, uniq_prince_ribbit1
D:8:      layout_cave_pools, elyvilon_altar_4, lair_entry_dummy,
          kennysheep_just_a_vault, uniq_amaemon, uniq_erica
D:9:      layout_loops_ring, kennysheep_okawaru_gauntlet
D:10:     wad_river_or_something, layout_small_grid, kennysheep_little_box,
          hiddenorc1_lemuel
D:11:     layout_gridville
D:12:     layout_loops_ring, ebering_ghost_inner_flame, nicolae_shop_clearance,
          uniq_lodul, uniq_azrael
D:13:     layout_basic
D:14:     layout_loops_ring, lightli_vaults_fourway_checkpoint,
          nicolae_ru_sacrificial_ziggurat, gauntlet_entry_generic,
          minmay_misc_feat_nine_boxes
D:15:     hangedman_depths_entry_try_elsewhere_first, layout_layer_cave,
          uniq_jorgrun
Lair:1:   layout_roguey [special_room_bee], wad_woods_river_02, minivault_25,
          chequers_serial_rivers_room_a, cheibrodos_lair_reptile_den,
          lemuel_fruit_tree
Lair:2:   layout_long_grid, infiniplex_staircase_pool_2, grunt_megastairs_3
Lair:3:   layout_loops_ring, minmay_swamp_entry_reptiles,
          nicolae_spider_entry_orb_guardian, lemuel_fruit_fields
Lair:4:   layout_roguey, gammafunk_ghost_cemetery, basic_altar,
          serial_bayou_shore_b, grunt_megastairs_5
Lair:5:   minmay_lair_end_enchanted_forest, layout_loops_ring,
          nicolae_slime_entry_slimehenge, minmay_hedge_maze,
          serial_bayou_shore_a
Orc:1:    layout_caves, statue_in_the_mist_lemuel

Skill      XL: |  1  2  3  4  5  6  7  8  9 10 11 12 13 14 |
---------------+-------------------------------------------+-----
Long Blades    | 3 4 5 6 8 10 12 | 12.0
Throwing       | 1 3 |  3.6
Dodging        | 4 7 8 10 | 10.2
Shields        | 5 8 9 11 | 11.4
Fighting       | 5 7 8 11 14 | 14.2
Hexes          | 2 |  2.0
Spellcasting   | 2 5 7 |  7.2
Conjurations   | 1 3 |  3.3
Translocations | 1 3 |  3.3
Evocations     | 7 |  7.2

Action                     |  1- 3 |  4- 6 |  7- 9 | 10-12 | 13-15 || total
---------------------------+-------+-------+-------+-------+-------++-------
  Melee: Long sword        |    70 |    72 |   184 |   611 |   728 ||  1665
         Constrict         |    16 |    21 |    38 |    72 |    90 ||   237
         Tentacles         |    15 |    13 |    48 |   180 |   234 ||   490
         Punch             |     1 |       |     1 |    13 |    13 ||    28
  Throw: Dart              |       |       |       |     7 |       ||     7
   Cast: Momentum Strike   |       |       |       |       |     2 ||     2
 Invoke: Curse Item        |       |     2 |     3 |     3 |     2 ||    10
         Shatter the Chain |       |       |       |     1 |     1 ||     2
  Evoke: Wand              |       |       |       |       |    12 ||    12
    Use: Scroll            |     3 |     6 |     3 |     3 |    10 ||    25
         Potion            |       |       |     1 |     5 |    10 ||    16
   Stab: Sleeping          |     5 |     1 |     4 |     3 |     6 ||    19
         Distracted        |       |       |     2 |     3 |     8 ||    13
         Invisible         |       |       |       |     1 |       ||     1
         Paralysed         |       |       |       |       |    12 ||    12
         Petrified         |       |       |       |       |     2 ||     2
 Armour: Skin              |     4 |     9 |    16 |    22 |    23 ||    74
  Dodge: Dodged            |    45 |    34 |    74 |   288 |   398 ||   839
  Block: Buckler           |    13 |    12 |    34 |    99 |       ||   158
         Kite shield       |       |       |       |   139 |   558 ||   697
